% Time on Ice - BOISE CARIBOUS
Lines # - Real PCT - Wanted PCT - Time Play
Normal Forward
1 - 26% - 26% - 10:53
2 - 23% - 25% - 9:29
3 - 25% - 25% - 10:17
4 - 26% - 24% - 10:42
Normal Defense
1 - 35% - 34% - 14:22
2 - 32% - 33% - 13:25
3 - 30% - 26% - 12:36
4 - 2% - 7% - 0:58
PP Forward
1 - 55% - 55% - 4:20
2 - 45% - 45% - 3:36
PP Defense
1 - 57% - 55% - 4:30
2 - 43% - 45% - 3:26
PK Forward
1 - 59% - 60% - 5:09
2 - 41% - 40% - 3:32
PK Defense
1 - 47% - 51% - 4:07
2 - 53% - 49% - 4:34
PK3 Forward
1 - 92% - 55% - 1:44
2 - 8% - 45% - 0:09
PK3 Defense
1 - 35% - 55% - 0:40
2 - 65% - 45% - 1:13
44 Forward
1 - 0% - 55%
2 - 0% - 45%
44 Defense
1 - 0% - 55%
2 - 0% - 45%
Last Minute Offensive  - 0:09
Last Minute Defensive  - 0:00
Total
Forward - 60:00
Defense - 60:00
% Time on Ice - LAS VEGAS LIZARD KINGS
Lines # - Real PCT - Wanted PCT - Time Play
Normal Forward
1 - 34% - 37% - 14:11
2 - 27% - 30% - 11:19
3 - 22% - 25% - 9:02
4 - 17% - 8% - 6:58
Normal Defense
1 - 40% - 45% - 16:27
2 - 36% - 43% - 15:08
3 - 24% - 12% - 9:55
4 - 0% - 0% - 0:00
PP Forward
1 - 55% - 70% - 5:48
2 - 45% - 30% - 4:46
PP Defense
1 - 59% - 70% - 6:17
2 - 41% - 30% - 4:17
PK Forward
1 - 79% - 65% - 6:17
2 - 21% - 35% - 1:39
PK Defense
1 - 64% - 75% - 5:06
2 - 36% - 25% - 2:50
PK3 Forward
1 - 0% - 55%
2 - 0% - 45%
PK3 Defense
1 - 0% - 50%
2 - 0% - 50%
44 Forward
1 - 0% - 55%
2 - 0% - 45%
44 Defense
1 - 0% - 55%
2 - 0% - 45%
Last Minute Offensive  - 0:00
Last Minute Defensive  - 0:00
Total
Forward - 60:00
Defense - 60:00
Play-by-Play 1st period 0:01 of 1st period - Sean Monahan wins face-off versus Andre Burakovsky in neutral zone. 0:04 of 1st period - Shot by Brent Burns. 0:04 of 1st period - Stopped by Casey DeSmith without a rebound. 0:05 of 1st period - Ryan Nugent-Hopkins wins face-off versus Jesperi Kotkaniemi in BOISE CARIBOUS zone. 0:20 of 1st period - Shot by Nino Niederreiter. 0:20 of 1st period - Stopped by Casey DeSmith with a rebound. 0:22 of 1st period - Shot by Nino Niederreiter. 0:22 of 1st period - Goal by Nino Niederreiter - BOISE CARIBOUS : 0 - LAS VEGAS LIZARD KINGS : 1. 0:23 of 1st period - Kyle Turris wins face-off versus Derek Ryan in neutral zone. 0:23 of 1st period - Kyle Turris is hit by Barclay Goodrow. 0:38 of 1st period - Kyle Turris is hit by Brayden McNabb and loses puck. 0:43 of 1st period - Shot by Kyle Turris. 0:43 of 1st period - Stopped by Curtis McElhinney without a rebound. 0:44 of 1st period - Sean Monahan wins face-off versus T.J. Tynan in LAS VEGAS LIZARD KINGS zone. 0:50 of 1st period - Minor Penalty to Jarred Tinordi for Tripping. 0:51 of 1st period - Sean Monahan wins face-off versus Radek Faksa in BOISE CARIBOUS zone. 1:13 of 1st period - Icing by Brent Burns. 1:14 of 1st period - Sean Monahan wins face-off versus Radek Faksa in LAS VEGAS LIZARD KINGS zone. 1:39 of 1st period - Shot by Sean Monahan. 1:39 of 1st period - Shot Misses the Net. 1:43 of 1st period - Shot by Nino Niederreiter. 1:43 of 1st period - Shot Blocked by Jesperi Kotkaniemi. 1:50 of 1st period - Icing by Brent Burns. 1:51 of 1st period - Sean Monahan wins face-off versus Radek Faksa in LAS VEGAS LIZARD KINGS zone. 2:14 of 1st period - Shot by Ryan Nugent-Hopkins. 2:14 of 1st period - Stopped by Casey DeSmith with a rebound. 2:16 of 1st period - Shot by Bobby Ryan. 2:16 of 1st period - Shot Misses the Net. 2:18 of 1st period - Shot by Matt Niskanen. 2:18 of 1st period - Stopped by Casey DeSmith without a rebound. 2:19 of 1st period - Ryan Nugent-Hopkins wins face-off versus Jesperi Kotkaniemi in BOISE CARIBOUS zone. 2:20 of 1st period - Shot by John Marino. 2:20 of 1st period - Shot Blocked by Nick Leddy. 2:22 of 1st period - Shot by John Marino. 2:22 of 1st period - Goal by John Marino - BOISE CARIBOUS : 0 - LAS VEGAS LIZARD KINGS : 2. 2:23 of 1st period - Derek Ryan wins face-off versus Jesperi Kotkaniemi in neutral zone. 2:40 of 1st period - Icing by Barclay Goodrow. 2:41 of 1st period - Radek Faksa wins face-off versus Derek Ryan in LAS VEGAS LIZARD KINGS zone. 2:41 of 1st period - Minor Penalty to John Marino for Hooking. 2:42 of 1st period - Kyle Turris wins face-off versus Barclay Goodrow in LAS VEGAS LIZARD KINGS zone. 3:17 of 1st period - Barclay Goodrow is hit by Kyle Turris and loses puck. 3:34 of 1st period - Derek Ryan is hit by Brian Boyle and loses puck. 3:44 of 1st period - Icing by Jesperi Kotkaniemi. 3:45 of 1st period - Derek Ryan wins face-off versus Jesperi Kotkaniemi in BOISE CARIBOUS zone. 4:10 of 1st period - Shot by Brian Boyle. 4:10 of 1st period - Shot Misses the Net. 4:52 of 1st period - Shot by Johnny Gaudreau. 4:52 of 1st period - Shot Misses the Net. 5:54 of 1st period - Icing by Johnny Gaudreau. 5:55 of 1st period - Radek Faksa wins face-off versus Sean Monahan in LAS VEGAS LIZARD KINGS zone. 6:13 of 1st period - Icing by Greg Pateryn. 6:14 of 1st period - Ryan Nugent-Hopkins wins face-off versus Radek Faksa in BOISE CARIBOUS zone. 6:45 of 1st period - Icing by Greg Pateryn. 6:46 of 1st period - Derek Ryan wins face-off versus Radek Faksa in BOISE CARIBOUS zone. 6:54 of 1st period - Joel Armia is hit by Greg Pateryn and loses puck. 6:59 of 1st period - Shot by Derek Ryan. 6:59 of 1st period - Stopped by Casey DeSmith without a rebound. 7:00 of 1st period - Kyle Turris wins face-off versus Evan Rodrigues in BOISE CARIBOUS zone. 7:00 of 1st period - Kyle Turris is hit by Mike Ferland. 7:03 of 1st period - Lawson Crouse is hit by Mike Ferland and loses puck. 7:28 of 1st period - Melker Karlsson is hit by Brayden McNabb and loses puck. 7:36 of 1st period - Melker Karlsson is hit by Brayden McNabb and loses puck. 8:33 of 1st period - Shot by Nino Niederreiter. 8:33 of 1st period - Stopped by Casey DeSmith without a rebound. 8:34 of 1st period - Sean Monahan wins face-off versus T.J. Tynan in BOISE CARIBOUS zone. 8:50 of 1st period - Minor Penalty to Greg Pateryn for Holding. 8:51 of 1st period - Radek Faksa wins face-off versus Sean Monahan in BOISE CARIBOUS zone. 9:18 of 1st period - Shot by Brent Burns. 9:18 of 1st period - Stopped by Casey DeSmith without a rebound. 9:19 of 1st period - Radek Faksa wins face-off versus Ryan Nugent-Hopkins in BOISE CARIBOUS zone. 9:28 of 1st period - Shot by Bobby Ryan. 9:28 of 1st period - Deflect By Ryan Nugent-Hopkins. 9:28 of 1st period - Stopped by Casey DeSmith without a rebound. 9:29 of 1st period - Ryan Nugent-Hopkins wins face-off versus Radek Faksa in BOISE CARIBOUS zone. 9:40 of 1st period - Shot by Brent Burns. 9:40 of 1st period - Shot Misses the Net. 9:42 of 1st period - Shot by Brent Burns. 9:42 of 1st period - Stopped by Casey DeSmith without a rebound. 9:43 of 1st period - Sean Monahan wins face-off versus Radek Faksa in BOISE CARIBOUS zone. 9:50 of 1st period - Shot by Johnny Gaudreau. 9:50 of 1st period - Goal by Johnny Gaudreau - BOISE CARIBOUS : 0 - LAS VEGAS LIZARD KINGS : 3. 9:51 of 1st period - Sean Monahan wins face-off versus Kyle Turris in neutral zone. 10:14 of 1st period - Icing by Greg Pateryn. 10:15 of 1st period - Kyle Turris wins face-off versus Derek Ryan in BOISE CARIBOUS zone. 10:15 of 1st period - Kyle Turris is hit by Barclay Goodrow. 10:33 of 1st period - Shot by Joel Armia. 10:33 of 1st period - Stopped by Casey DeSmith without a rebound. 10:34 of 1st period - Radek Faksa wins face-off versus Ryan Nugent-Hopkins in BOISE CARIBOUS zone. 10:46 of 1st period - Brent Burns is hit by Jarred Tinordi and loses puck. 10:54 of 1st period - Shot by Bobby Ryan. 10:54 of 1st period - Stopped by Casey DeSmith without a rebound. 10:55 of 1st period - Sean Monahan wins face-off versus Jesperi Kotkaniemi in BOISE CARIBOUS zone. 11:13 of 1st period - Minor Penalty to Zach Redmond for Tripping. 11:14 of 1st period - Radek Faksa wins face-off versus Ryan Nugent-Hopkins in BOISE CARIBOUS zone. 11:27 of 1st period - Shot by Ryan Nugent-Hopkins. 11:27 of 1st period - Shot Hit the Post. 11:29 of 1st period - Shot by Brent Burns. 11:29 of 1st period - Stopped by Casey DeSmith without a rebound. 11:30 of 1st period - Radek Faksa wins face-off versus Sean Monahan in BOISE CARIBOUS zone. 12:08 of 1st period - Melker Karlsson is hit by Sean Monahan and loses puck. 12:22 of 1st period - Icing by Nino Niederreiter. 12:23 of 1st period - Sean Monahan wins face-off versus Jesperi Kotkaniemi in LAS VEGAS LIZARD KINGS zone. 12:55 of 1st period - Shot by Brent Burns. 12:55 of 1st period - Stopped by Casey DeSmith without a rebound. 12:56 of 1st period - Jesperi Kotkaniemi wins face-off versus Ryan Nugent-Hopkins in BOISE CARIBOUS zone. 13:26 of 1st period - Radek Faksa is hit by Nick Jensen and loses puck. 13:47 of 1st period - Shot by Barclay Goodrow. 13:47 of 1st period - Stopped by Casey DeSmith without a rebound. 13:48 of 1st period - Sean Monahan wins face-off versus Jesperi Kotkaniemi in BOISE CARIBOUS zone. 13:49 of 1st period - Shot by Johnny Gaudreau. 13:49 of 1st period - Stopped by Casey DeSmith without a rebound. 13:50 of 1st period - Tom Wilson wins face-off versus Sean Monahan in BOISE CARIBOUS zone. 14:05 of 1st period - Shot by Sean Monahan. 14:05 of 1st period - Stopped by Casey DeSmith without a rebound. 14:06 of 1st period - Ryan Nugent-Hopkins wins face-off versus Mario Kempe in BOISE CARIBOUS zone. 14:07 of 1st period - Shot by Bobby Ryan. 14:07 of 1st period - Stopped by Casey DeSmith without a rebound. 14:08 of 1st period - Jesperi Kotkaniemi wins face-off versus Ryan Nugent-Hopkins in BOISE CARIBOUS zone. 14:08 of 1st period - Jesperi Kotkaniemi is hit by Bobby Ryan. 14:14 of 1st period - Shot by Brian Boyle. 14:14 of 1st period - Stopped by Curtis McElhinney without a rebound. 14:15 of 1st period - Sean Monahan wins face-off versus Jesperi Kotkaniemi in LAS VEGAS LIZARD KINGS zone. 14:34 of 1st period - Shot by Johnny Gaudreau. 14:34 of 1st period - Stopped by Casey DeSmith without a rebound. 14:35 of 1st period - Ryan Nugent-Hopkins wins face-off versus Kyle Turris in BOISE CARIBOUS zone. 14:44 of 1st period - Shot by Nino Niederreiter. 14:44 of 1st period - Stopped by Casey DeSmith without a rebound. 14:45 of 1st period - T.J. Tynan wins face-off versus Sean Monahan in BOISE CARIBOUS zone. 14:45 of 1st period - T.J. Tynan is hit by Victor Olofsson. 14:52 of 1st period - Tom Wilson is hit by Brayden McNabb and loses puck. 15:12 of 1st period - Johnny Gaudreau is hit by Jarred Tinordi and loses puck. 15:17 of 1st period - Shot by Victor Olofsson. 15:17 of 1st period - Stopped by Casey DeSmith without a rebound. 15:18 of 1st period - Ryan Nugent-Hopkins wins face-off versus Radek Faksa in BOISE CARIBOUS zone. 15:20 of 1st period - Nino Niederreiter is hit by Greg Pateryn. 15:30 of 1st period - Shot by Ryan Nugent-Hopkins. 15:30 of 1st period - Stopped by Casey DeSmith without a rebound. 15:31 of 1st period - Kyle Turris wins face-off versus Derek Ryan in BOISE CARIBOUS zone. 15:55 of 1st period - Icing by Melker Karlsson. 15:56 of 1st period - Kyle Turris wins face-off versus Ryan Nugent-Hopkins in BOISE CARIBOUS zone. 15:56 of 1st period - Kyle Turris is hit by Nino Niederreiter. 15:59 of 1st period - Lawson Crouse is hit by Ryan Nugent-Hopkins. 16:38 of 1st period - Radek Faksa is hit by Brayden McNabb and loses puck. 16:45 of 1st period - Shot by Andre Burakovsky. 16:45 of 1st period - Stopped by Curtis McElhinney with a rebound. 16:47 of 1st period - Shot by Radek Faksa. 16:47 of 1st period - Stopped by Curtis McElhinney without a rebound. 16:48 of 1st period - Sean Monahan wins face-off versus Jesperi Kotkaniemi in LAS VEGAS LIZARD KINGS zone. 17:14 of 1st period - Icing by Sean Monahan. 17:15 of 1st period - Radek Faksa wins face-off versus Sean Monahan in LAS VEGAS LIZARD KINGS zone. 17:16 of 1st period - Shot by Andre Burakovsky.